 Dungeon Crawl Stone Soup version 0.24-a0-309-g1095bca (webtiles) character file.

Game seed: 17192440120561709384

11856 mhoghedin the Grappler (level 11, -2/87 (89) HPs)
             Began as a Demigod Transmuter on May 14, 2019.
             Slain by a sixfirhy (5 damage)
             ... in a Gauntlet.
             The game lasted 00:39:13 (14967 turns).

mhoghedin the Grappler (Demigod Transmuter)        Turns: 14967, Time: 00:39:13

HP:   -2/87 (89)    AC:  7    Str: 21    XL:     11   Next: 30%
MP:   17/21         EV: 16    Int: 17    God:
Gold: 534           SH:  0    Dex: 16    Spells: 2/19 levels left

rFire    . . .     SeeInvis .     - Unarmed
rCold    . . .     Gourm    .   (shield currently unavailable)
rNeg     . . .     Faith    .   b - +1 troll leather armour {regen}
rPois    .         Spirit   .   (no helmet)
rElec    .         Reflect  .   g - +1 cloak
rCorr    .         Harm     .   (gloves currently unavailable)
MR       ++...     NoTele   +   (no boots)
Stlth    +.........             (no amulet)
HPRegen  0.64/turn              w - ring of protection from magic {MR+, !d}
MPRegen  0.17/turn              l - +2 ring of strength

@: blade hands (expiring)
A: high mp 1
a: End Transformation


You were in a Gauntlet.
You were not hungry.
You had blades for hands.
You visited 2 branches of the dungeon, and saw 11 of its levels.
You also visited: Gauntlet.

You collected 534 gold pieces.

Inventory:

Missiles
 a - 79 arrows
 y - 11 poisoned darts (quivered)
 D - 16 boomerangs
 L - 2 throwing nets {=f, !d}
Armour
 b - a +1 troll leather armour (worn) {regen}
   (You found it on level 10 of the Dungeon)
 g - a +1 cloak (worn)
   (You found it on level 1 of the Dungeon)
 M - a +2 leather armour of magic resistance
   (You took it off an orc on level 10 of the Dungeon)
Magical Staves
 q - an uncursed staff of wizardry {unknown}
   (You found it on level 1 of the Lair of Beasts)
Jewellery
 f - an uncursed ring of stealth {Stlth+}
   (You took it off a kobold on level 2 of the Dungeon)
 l - a +2 ring of strength (right scythe-like blade)
   (You found it on level 7 of the Dungeon)
 r - an uncursed ring of magical power {MP+9}
   (You found it on level 3 of the Dungeon)
 w - a ring of protection from magic (left scythe-like blade) {MR+, !d}
   (You found it on level 3 of the Dungeon)
 F - an uncursed ring of resist corrosion
   (You found it on level 8 of the Dungeon)
 G - an uncursed ring of poison resistance {rPois, !d}
   (You found it on level 5 of the Dungeon)
Wands
 o - a wand of polymorph (8)
   (You found it on level 2 of the Dungeon)
 z - a wand of iceblast (2)
   (You found it on level 6 of the Dungeon)
 B - a wand of enslavement (3)
   (You found it on level 4 of the Dungeon)
 E - a wand of flame (10)
   (You took it off Dowan on level 5 of the Dungeon)
 J - a wand of random effects (22)
   (You found it on level 8 of the Dungeon)
Scrolls
 h - 2 scrolls of immolation {!r}
 m - 7 scrolls of remove curse
 s - 2 scrolls of vulnerability {!r!r}
 v - 3 scrolls of fog
 C - a scroll of acquirement {unknown}
 K - a scroll of teleportation
 N - a scroll of identify
 O - a scroll of enchant weapon
Potions
 c - 2 potions of brilliance {unknown}
 e - 3 potions of lignification {!q}
 i - a potion of curing
 j - 2 potions of mutation {!q}
 k - a potion of ambrosia
 n - a potion of heal wounds {unknown}
 p - a potion of flight {unknown}
 t - a potion of agility
 u - 2 potions of degeneration {unknown}
 x - 3 potions of haste
 A - 2 potions of magic
 H - a potion of cancellation {unknown}
 I - 2 potions of berserk rage {unknown}
Comestibles
 d - 23 rations


   Skills:
 + Level 5.9 Fighting
 + Level 0.8 Armour
 + Level 6.2 Dodging
 - Level 10.3 Unarmed Combat
 - Level 4.7 Spellcasting
 - Level 2.9 Translocations
 - Level 8.0 Transmutations
 - Level 4.2 Ice Magic
 - Level 2.0 Poison Magic


You had 2 spell levels left.
You knew the following spells:

 Your Spells              Type           Power        Failure   Level  Hunger
a - Beastly Appendage     Tmut           ####..       13%         1    None
b - Ice Form              Ice/Tmut       ###.....     54%         4    ####...
c - Spider Form           Tmut/Pois      ###.......   36%         3    ###....
d - Blink                 Tloc           N/A          41%         2    #......
s - Sticks to Snakes      Tmut           ####....     14%         2    #......
x - Blade Hands           Tmut           ####......   58%         5    ######.

Your spell library contained the following spells:

 Spells                   Type           Power        Failure   Level  Hunger
 Confusing Touch          Hex            #.....       58%         1    None
 Magic Dart               Conj           #...         58%         1    None
 Poisonous Vapours        Pois/Air       #.....       58%         2    #......
 Call Imp                 Summ           #.......     69%         2    #......
 Slow                     Hex            #.......     69%         2    #......
 Gell's Gravitas          Tloc           ##........   56%         3    ###....
 Petrify                  Tmut/Erth      ###.....     75%         4    ####...
 Mephitic Cloud           Conj/Pois/Air  #.......     78%         3    ###....
 Confuse                  Hex            #.......     85%         3    ###....
 Conjure Flame            Conj/Fire      #.......     85%         3    ###....
 Yara's Violent Unravell  Hex/Tmut       ###.......   94%         5    ######.
 Cause Fear               Hex            #.........   99%         4    ####...
 Metabolic Englaciation   Hex/Ice        ##........   99%         5    ######.
 Silence                  Hex/Air        #.........   100%        5    ######.
 Deflect Missiles         Chrm/Air       #.........   100%        6    #######
 Freezing Cloud           Conj/Ice/Air   #.........   100%        6    #######
 Ring of Flames           Chrm/Fire      #.........   100%        7    #######
 Discord                  Hex            #.........   100%        8    #######


Dungeon Overview and Level Annotations

Branches:
Dungeon (10/15)            Temple (0/1) D:7            Lair (1/6) D:9
    Orc: D:9-12

Annotations:
D:8 exclusion: downstairs Gauntlet 15 transporters, 21 runed translucent doors


Innate Abilities, Weirdness & Mutations

You have an increased reservoir of magic. (+10% MP)


Message History

The killer bee stings the fungus!
The killer bee stings the plant. x2
The plant is poisoned.
The killer bee poisons the plant!
The killer bee stings the plant but does no damage. x2
The killer bee stings the plant.
The plant is poisoned.
The killer bee poisons the plant!
The killer bee stings the plant but does no damage. x2
The killer bee stings the plant!
The killer bee stings the plant.
The killer bee stings the plant but does no damage.
The killer bee completely misses the plant.
The killer bee stings the plant but does no damage.
The killer bee stings the plant.
The killer bee stings the plant but does no damage. x2
The queen bee stings the plant.
The killer bee stings the plant but does no damage. x2
The queen bee stings the plant but does no damage.
The killer bee stings the plant.
The killer bee stings the plant but does no damage.
The killer bee stings the plant.
The killer bee stings the plant but does no damage.
The killer bee stings the plant.
The killer bee stings the plant!
The killer bee stings the plant. x2
The killer bee stings the plant.
The plant is destroyed!
Eating one of 2 chunks of flesh {@w0}.
You eat one of the 2 chunks of flesh {@w0}.
The killer bee stings the fungus.
The killer bee stings the fungus.
The killer bee stings the fungus. x2
The killer bee completely misses the fungus.
The killer bee stings something!
The wolf howls!
The wolf howls!
You hear a howl!
The wolf howls!
The necromancer shouts!
The soldier ant twitches its antennae in your direction.
All of the chunks of flesh in your inventory have rotted away.
The wolf howls!
The queen bee buzzes angrily.
Something stings the plant but does no damage. x2
The killer bee buzzes angrily.
The killer bee buzzes angrily.
The killer bee buzzes angrily.
The killer bee buzzes angrily.
The killer bee stings the plant but does no damage.
The killer bee stings the plant.
The killer bee stings the plant but does no damage.
The killer bee stings the plant but does no damage. x2
The killer bee stings the plant!
The killer bee completely misses the plant.
The killer bee stings the fungus.
The killer bee stings the plant.
The killer bee stings the fungus.
The killer bee stings the fungus but does no damage.
The killer bee stings the plant!
The plant is destroyed!
The killer bee stings the fungus.
The ufetubus shouts! x2
The flying skull gives a hideous shriek! x3
The flying skull gives a hideous shriek!
The hell hound barks!
The hell hound barks!
The hellion gives a hideous shriek!
Partly explored, unvisited transporter.
Partly explored, unvisited transporter.
Partly explored, unvisited transporter.
The ufetubus shouts!
You hear a shout!
The ufetubus shouts!
You hear a shout!
You are feeling hungry.
The queen bee buzzes angrily.
You hear an angry buzzing noise.
There is an empty arch of ancient stone here.
The killer bee buzzes angrily.
There is a transporter here.
You eat one of the 24 rations.
That ration really hit the spot!
You enter the transporter and appear at another place.
The sixfirhy is too close now for your liking.
Your hands turn into razor-sharp scythe blades.
You now have 16/21 mp.
The sixfirhy barely misses you.
You closely miss the sixfirhy. The sixfirhy closely misses you.
The sixfirhy misses you. The sixfirhy hits you! The sixfirhy shocks you!
You take 21 damage, and have 66/87 hp.
MASSIVE DAMAGE!!
You barely miss the sixfirhy. The sixfirhy hits you. The sixfirhy shocks you!
The sixfirhy barely misses you. The sixfirhy misses you.
You take 13 damage, and have 53/87 hp.
You closely miss the sixfirhy. You slash the sixfirhy! You slash the sixfirhy!
You miss the sixfirhy. The sixfirhy hits you. The sixfirhy shocks you!
The sixfirhy hits you! The sixfirhy shocks you!
* * * LOW HITPOINT WARNING * * *
The sixfirhy hits you.
* * * LOW HITPOINT WARNING * * *
The sixfirhy shocks you!
* * * LOW HITPOINT WARNING * * *
The sixfirhy completely misses you.
You take 51 damage, and have 3/87 hp.
MASSIVE DAMAGE!!
You closely miss the sixfirhy.
Your transformation is almost over.
The sixfirhy hits you.
You die...

### ###..#©#z..©#. #8#
#8#..#.#...#.#
###########..#.#z.#...
#8#..........#.#z#....
#####..........#.##.....
###≈.....#########.#######
#8#......#©........#.... .
###..#############.##### #
#..#.53@.##©##.#.#5.....
###..#..###5##.#.#.#.##..5
#8#..#.##.##.#.#.#.#.#.# #
###..#.#.#.#.#.#.#.#..##.#
#..#.#.#©#.#.#.#©#..#.©.
###..#.#.#.#.#.#.###5.##.#
#8#..#.#.##.##.#...#5#.#.#
###..#5##.###..#...#5##...
#..#$5##.....#...#3.....


You could see a sixfirhy and 2 ufetubi.

Vanquished Creatures
  3 death yaks
  Joseph (Lair:1)
  2 spiny frogs (Lair:1)
  A troll (D:10)
  3 hippogriffs
  5 yaks (D:9)
  2 wyverns
  Edmund (D:6)
  Duvessa (D:5)
  A water moccasin (Lair:1)
  A porcupine (Lair:1)
  5 ice beasts
  5 orc warriors
  4 sky beasts
  9 ogres
  3 phantoms
  2 necrophages
  A centaur (D:6)
  A big kobold (D:7)
  11 bullfrogs
  A gnoll sergeant (D:9)
  Dowan (D:5)
  A water moccasin zombie (D:8)
  A wyvern skeleton (D:6)
  A water moccasin skeleton (D:5)
  3 scorpions
  16 killer bees
  5 wights
  4 howler monkeys
  6 crimson imps
  2 bullfrog zombies
  7 hounds
  7 jellies
  3 centaur skeletons
  2 bullfrog skeletons
  5 orc priests
  7 orc wizards
  6 iguanas
  6 worker ants
  2 hell rats (D:9)
  A hound zombie (D:10)
  2 hound skeletons
  3 worker ant zombies
  9 adders
  8 gnolls
  A howler monkey skeleton (D:8)
  A river rat (D:9)
  2 shadow imps
  6 oozes
  An adder zombie (D:8)
  2 adder skeletons (D:4)
  2 worms
  3 dart slugs
  3 leopard geckos
  43 orcs
  3 giant cockroaches
  8 goblins
  11 hobgoblins
  11 jackals
  6 quokkas
  A ball python (D:1)
  3 bats
  5 frilled lizards
  A jackal skeleton (D:5)
  16 kobolds
  A leopard gecko skeleton (D:4)
  A quokka zombie (D:6)
  9 rats
311 creatures vanquished.

Vanquished Creatures (collateral kills)
  Blork the orc (D:6)
  A wight (D:8)
  2 adders (D:2)
  A hobgoblin (D:1)
  2 kobolds
7 creatures vanquished.

Vanquished Creatures (others)
  A wight (D:8)
  9 fungi (Gauntlet)
  8 plants (Gauntlet)
18 creatures vanquished.

Grand Total: 336 creatures vanquished

Notes
Turn   | Place    | Note
-------+----------+-------------------------------------------
     0 | D:1      | mhoghedin the Demigod Transmuter began the quest for the
                  | Orb.
     0 | D:1      | Reached XP level 1. HP: 15/15 MP: 5/5
    34 | D:1      | Reached skill level 3 in Unarmed Combat
   361 | D:1      | Reached XP level 2. HP: 22/22 MP: 5/7
   650 | D:1      | Learned a level 2 spell: Sticks to Snakes
  1611 | D:1      | Reached XP level 3. HP: 27/27 MP: 6/8
  1676 | D:1      | Reached skill level 4 in Unarmed Combat
  1886 | D:2      | Reached XP level 4. HP: 25/34 MP: 4/9
  2368 | D:2      | Reached skill level 5 in Unarmed Combat
  2392 | D:2      | Learned a level 3 spell: Spider Form
  2480 | D:3      | Noticed a bullfrog
  2489 | D:3      | Killed a bullfrog
  2489 | D:3      | Reached XP level 5. HP: 36/39 MP: 6/10
  2558 | D:3      | Paralysed by a hobgoblin for 3 turns
  2581 | D:3      | Found a hide-covered altar of Uskayaw.
  3278 | D:4      | Reached skill level 6 in Unarmed Combat
  3673 | D:4      | Reached XP level 6. HP: 46/46 MP: 11/11
  3970 | D:4      | Found a shadowy altar of Dithmenos.
  4003 | D:4      | HP: 11/46 [poisoned by a scorpion]
  4011 | D:4      | HP: 10/46 [poisoned by a scorpion]
  4379 | D:4      | Reached skill level 7 in Unarmed Combat
  4926 | D:5      | Entered Level 5 of the Dungeon
  4995 | D:5      | Found a blossoming altar of Fedhas.
  5126 | D:5      | Found a sacrificial altar of Ru.
  5126 | D:5      | Noticed Duvessa
  5126 | D:5      | Noticed Dowan
  5150 | D:5      | Killed Duvessa
  5150 | D:5      | Reached XP level 7. HP: 19/51 MP: 12/12
  5164 | D:5      | Killed Dowan
  5164 | D:5      | Reached skill level 8 in Unarmed Combat
  5345 | D:5      | Found a shattered altar of Ashenzari.
  6070 | D:5      | Reached skill level 2 in Transmutations
  6202 | D:5      | Reached skill level 1 in Poison Magic
  6478 | D:5      | Reached skill level 2 in Poison Magic
  6546 | D:5      | Reached skill level 2 in Spellcasting
  6546 | D:5      | Reached skill level 3 in Transmutations
  6724 | D:5      | Found a bloodstained altar of Trog.
  6724 | D:5      | Found a snail-covered altar of Cheibriados.
  6766 | D:5      | Learned a level 4 spell: Ice Form
  6787 | D:5      | Reached XP level 8. HP: 52/58 MP: 12/14
  6922 | D:6      | Noticed Blork the orc
  6930 | D:6      | Killed Blork the orc
  6934 | D:6      | Reached skill level 1 in Ice Magic
  7107 | D:6      | Reached skill level 2 in Ice Magic
  7108 | D:6      | Reached skill level 3 in Spellcasting
  7109 | D:6      | Reached skill level 4 in Transmutations
  7120 | D:6      | Found a deep blue altar of Sif Muna.
  7278 | D:6      | Learned a level 2 spell: Blink
  7367 | D:6      | Reached skill level 1 in Translocations
  7636 | D:6      | Found a blossoming altar of Fedhas.
  7675 | D:6      | Found an iron altar of Okawaru.
  7944 | D:6      | Noticed Edmund
  7949 | D:6      | Killed Edmund
  7949 | D:6      | Reached skill level 4 in Spellcasting
  7985 | D:6      | Reached skill level 2 in Translocations
  7985 | D:6      | Reached skill level 5 in Transmutations
  8104 | D:6      | Reached XP level 9. HP: 59/63 MP: 16/18
  8399 | D:7      | Found a staircase to the Ecumenical Temple.
  8756 | D:6      | Learned a level 5 spell: Blade Hands
  8890 | D:7      | Reached skill level 1 in Fighting
  8919 | D:7      | Reached skill level 2 in Dodging
  9135 | D:7      | Reached skill level 2 in Fighting
  9173 | D:7      | Found a stormy altar of Qazlal.
  9464 | D:8      | Reached skill level 3 in Dodging
  9464 | D:8      | Reached skill level 9 in Unarmed Combat
  9744 | D:8      | Reached skill level 3 in Fighting
 10090 | D:8      | Reached skill level 3 in Ice Magic
 10167 | D:8      | Reached skill level 6 in Transmutations
 10682 | D:8      | Reached XP level 10. HP: 77/77 MP: 20/20
 10691 | D:8      | Reached skill level 4 in Ice Magic
 10706 | D:8      | HP: 23/92 [killer bee (7)]
 10712 | D:8      | HP: 22/92 [poisoned by a killer bee]
 10720 | D:8      | HP: 21/92 [poisoned by a killer bee]
 10728 | D:8      | HP: 21/92 [poisoned by a killer bee]
 11188 | D:9      | Noticed a death yak
 11221 | D:9      | Noticed a death yak
 11299 | D:9      | Found a white marble altar of Elyvilon.
 11454 | D:9      | Noticed a death yak
 11628 | D:10     | Entered Level 10 of the Dungeon
 11667 | D:10     | Reached skill level 4 in Dodging
 12031 | D:10     | Found an opulent altar of Gozag.
 12046 | D:10     | HP: 23/93 [killer bee (4)]
 12048 | D:10     | HP: 9/93 [killer bee (5)]
 12318 | D:10     | Reached skill level 4 in Fighting
 12318 | D:10     | Reached skill level 7 in Transmutations
 13332 | D:9      | Killed a death yak
 13332 | D:9      | Reached skill level 5 in Dodging
 13345 | D:9      | HP: 17/80 [death yak (9)]
 13346 | D:9      | Killed a death yak
 13495 | D:9      | Reached skill level 5 in Fighting
 13495 | D:9      | Reached skill level 10 in Unarmed Combat
 13513 | D:9      | You fall through a shaft!
 13607 | D:10     | Killed a death yak
 13607 | D:10     | Reached XP level 11. HP: 44/86 MP: 18/21
 14061 | D:9      | Found a staircase to the Lair.
 14226 | Lair:1   | Entered Level 1 of the Lair of Beasts
 14229 | Lair:1   | Reached skill level 8 in Transmutations
 14360 | Lair:1   | Reached skill level 6 in Dodging
 14426 | Lair:1   | Noticed Joseph
 14441 | Lair:1   | Killed Joseph
 14554 | Lair:1   | Found a gate leading to a gauntlet.
 14566 | Gauntlet | Entered a Gauntlet
 14566 | Gauntlet | Found a transporter.
 14566 | Gauntlet | Found a transporter.
 14566 | Gauntlet | Noticed a sixfirhy
 14576 | Gauntlet | Found a transporter.
 14576 | Gauntlet | Found a transporter.
 14586 | Gauntlet | Found a transporter.
 14602 | Gauntlet | Noticed a queen ant
 14603 | Gauntlet | Found a transporter.
 14603 | Gauntlet | Found a transporter.
 14603 | Gauntlet | Noticed a sixfirhy
 14609 | Gauntlet | Found a large runed translucent door.
 14610 | Gauntlet | Found a large runed translucent door.
 14611 | Gauntlet | Found a large runed translucent door.
 14612 | Gauntlet | Found a large runed translucent door.
 14613 | Gauntlet | Found a runed translucent gate.
 14613 | Gauntlet | Noticed a reaper
 14614 | Gauntlet | Found a large runed translucent door.
 14614 | Gauntlet | Found a large runed translucent door.
 14614 | Gauntlet | Found a runed translucent door.
 14615 | Gauntlet | Found a transporter.
 14615 | Gauntlet | Found a runed translucent gate.
 14615 | Gauntlet | Found a transporter.
 14616 | Gauntlet | Found a runed translucent gate.
 14616 | Gauntlet | Found a runed translucent door.
 14618 | Gauntlet | Found a large runed translucent door.
 14618 | Gauntlet | Found a large runed translucent door.
 14619 | Gauntlet | Found a large runed translucent door.
 14622 | Gauntlet | Found a large runed translucent door.
 14644 | Gauntlet | Found a transporter.
 14701 | Gauntlet | Found a transporter.
 14719 | Gauntlet | Found a transporter.
 14743 | Gauntlet | Noticed a necromancer
 14744 | Gauntlet | Found a transporter.
 14752 | Gauntlet | Found a transporter.
 14754 | Gauntlet | Found a large runed translucent door.
 14754 | Gauntlet | Found a large runed translucent door.
 14755 | Gauntlet | Found a large runed translucent door.
 14755 | Gauntlet | Found a large runed translucent door.
 14756 | Gauntlet | Found a large runed translucent door.
 14757 | Gauntlet | Found a large runed translucent door.
 14839 | Gauntlet | Found a transporter.
 14853 | Gauntlet | Found a transporter.
 14966 | Gauntlet | HP: 19/87 [sixfirhy (9)]
 14966 | Gauntlet | HP: 3/87 [sixfirhy (12)]
 14967 | Gauntlet | Slain by a sixfirhy

Levels and vault maps discovered:
D:1:      shiori_shiawase, layout_basic, grunt_decor_cap,
          chequers_decorated_corner, solitary_fountain, minmay_hedge_maze
D:2:      layout_basic, first_ration, kennysheep_generic_room_4
D:3:      layout_loops_cross, lemuel_round_altar
D:4:      layout_basic, nicolae_dithmenos_the_darkroom
D:5:      layout_loops_corners, chequers_temple_overflow_statue_of_worship,
          amethyst_overflow_temple_binary, fedhas_altar_3, uniq_duvessa
D:6:      layout_basic, kennysheep_okawaru_gauntlet, hangedman_feature_mirror,
          uniq_edmund, uniq_blork_the_orc
D:7:      layout_basic, lemuel_coloured_pillars_altar,
          minmay_temple_entry_stoned_glass
D:8:      layout_basic
D:9:      layout_cave_pools, elyvilon_altar_5, dpeg_lair_monsters
D:10:     layout_stronghold, hangedman_little_slice_of_home,
          nicolae_gozag_cash_rules_everything_around_me
Lair:1:   layout_chaotic_city, gauntlet_entry_generic, lemuel_fruit_tree,
          serial_bayou_shore_b, grunt_megastairs_4, uniq_joseph, uniq_urug
Gauntlet: gammafunk_gauntlet_branching [gammafunk_gauntlet_arena_hedges,
          gammafunk_gauntlet_arena_spirals, gammafunk_gauntlet_arena_split_x,
          nicolae_gauntlet_arena_t_cross, gammafunk_gauntlet_arena_corners,
          nicolae_gauntlet_arena_x, minmay_gauntlet_arena_make_your_own_arena,
          nicolae_gauntlet_swirl, gauntlet_exit_spiral]

Skill      XL: |  1  2  3  4  5  6  7  8  9 10 11 |
---------------+----------------------------------+-----
Unarmed Combat | 3 4 5 6 7 8 9 10 | 10.3
Transmutations | 3 5 6 7 8 |  8.0
Poison Magic   | 2 |  2.0
Spellcasting   | 2 4 |  4.7
Ice Magic      | 2 3 4 |  4.2
Translocations | 2 |  2.9
Fighting       | 3 5 |  5.9
Dodging        | 3 5 6 |  6.2
Armour         | |  0.8

Action                   |  1- 3 |  4- 6 |  7- 9 | 10-12 || total
-------------------------+-------+-------+-------+-------++-------
Melee: Unarmed           |   107 |   176 |   357 |   279 ||   919
       Headbutt          |    13 |     7 |     7 |       ||    27
       Kick              |    11 |    24 |    14 |       ||    49
       Punch             |     2 |     1 |     4 |     6 ||    13
Throw: Dart              |       |     2 |    13 |       ||    15
 Cast: Beastly Appendage |    28 |    28 |    25 |     1 ||    82
       Sticks to Snakes  |     5 |     5 |     4 |       ||    14
       Spider Form       |       |     7 |    16 |     2 ||    25
       Ice Form          |       |       |    18 |    14 ||    32
       Blink             |       |       |     1 |       ||     1
       Blade Hands       |       |       |       |    11 ||    11
 Abil: End Transformatio |       |       |       |     1 ||     1
Evoke: Wand              |       |     3 |    10 |       ||    13
  Use: Scroll            |     1 |     4 |    14 |     6 ||    25
       Potion            |       |     1 |       |     6 ||     7
 Stab: Distracted        |     1 |     1 |       |       ||     2
       Sleeping          |       |     3 |     1 |       ||     4
       Paralysed         |       |     7 |     3 |       ||    10
  Eat: Chunk             |     2 |     3 |    16 |    10 ||    31
       Ration            |     1 |     3 |     2 |     4 ||    10
Armor: Robe              |    27 |    26 |    16 |     4 ||    73
       Skin              |       |     2 |    24 |    27 ||    53
       Troll leather arm |       |       |       |    19 ||    19
Dodge: Dodged            |    74 |   106 |   179 |   240 ||   599

Table legend:
 A = Non-vault XP
 B = Vault XP
 C = Vault XP percentage of total XP
 D = Non-vault monster count
 E = Vault monster count
 F = Vault count percentage of total count
                 A         B        C        D         E       F
            +---------+---------+-------+---------+---------+-------
      Total |   12995 |    3943 |  23.3 |     292 |      26 |   8.2
            +---------+---------+-------+---------+---------+-------
        D:1 |      53 |       0 |   0.0 |      28 |       0 |   0.0
        D:2 |     111 |       2 |   1.8 |      30 |       1 |   3.2
        D:3 |     163 |       0 |   0.0 |      26 |       0 |   0.0
        D:4 |     388 |       0 |   0.0 |      16 |       0 |   0.0
        D:5 |     795 |     228 |  22.3 |      28 |       2 |   6.7
        D:6 |    1571 |     262 |  14.3 |      34 |       6 |  15.0
        D:7 |    1247 |       0 |   0.0 |      25 |       0 |   0.0
        D:8 |    2328 |       0 |   0.0 |      32 |       0 |   0.0
        D:9 |    2371 |    1824 |  43.5 |      32 |       5 |  13.5
       D:10 |    2472 |    1040 |  29.6 |      33 |      10 |  23.3
     Lair:1 |    1496 |     587 |  28.2 |       8 |       2 |  20.0
            +---------+---------+-------+---------+---------+-------

Levels and vault maps discovered:
D:1:      shiori_shiawase, layout_basic, grunt_decor_cap,
          chequers_decorated_corner, solitary_fountain, minmay_hedge_maze
D:2:      layout_basic, first_ration, kennysheep_generic_room_4
D:3:      layout_loops_cross, lemuel_round_altar
D:4:      layout_basic, nicolae_dithmenos_the_darkroom
D:5:      layout_loops_corners, chequers_temple_overflow_statue_of_worship,
          amethyst_overflow_temple_binary, fedhas_altar_3, uniq_duvessa
D:6:      layout_basic, kennysheep_okawaru_gauntlet, hangedman_feature_mirror,
          uniq_edmund, uniq_blork_the_orc
D:7:      layout_basic, lemuel_coloured_pillars_altar,
          minmay_temple_entry_stoned_glass
D:8:      layout_basic
D:9:      layout_cave_pools, elyvilon_altar_5, dpeg_lair_monsters
D:10:     layout_stronghold, hangedman_little_slice_of_home,
          nicolae_gozag_cash_rules_everything_around_me
Lair:1:   layout_chaotic_city, gauntlet_entry_generic, lemuel_fruit_tree,
          serial_bayou_shore_b, grunt_megastairs_4, uniq_joseph, uniq_urug
Gauntlet: gammafunk_gauntlet_branching [gammafunk_gauntlet_arena_hedges,
          gammafunk_gauntlet_arena_spirals, gammafunk_gauntlet_arena_split_x,
          nicolae_gauntlet_arena_t_cross, gammafunk_gauntlet_arena_corners,
          nicolae_gauntlet_arena_x, minmay_gauntlet_arena_make_your_own_arena,
          nicolae_gauntlet_swirl, gauntlet_exit_spiral]

Table legend:
 A = Turns spent in this place as a percentage of turns spent in the entire game.
 B = Non-inter-level travel turns spent in this place as a percentage of non-inter-level travel turns spent in the entire game.
 C = Inter-level travel turns spent in this place as a percentage of turns spent in this place.
 D = Turns resting spent in this place as a percentage of non-inter-level travel turns spent in this place.
 E = Turns spent auto-exploring this place as a percentage of non-inter-level travel turns spent in this place.
 F = Non-inter-level travel turns spent in this place divided by the number of levels of this place that you've seen.
                   A       B       C       D       E      F
               +-------+-------+-------+-------+-------+----------------------
         Total | 100.0 | 100.0 |   3.8 |  30.5 |  47.1 | 1199.5
       Dungeon |  95.0 |  94.9 |   4.0 |  31.9 |  47.1 | 1365.3
          Lair |   2.3 |   2.4 |   0.0 |  10.3 |  52.6 | 340.0
      Gauntlet |   2.7 |   2.8 |   0.0 |   0.5 |  42.1 | 401.0
               +-------+-------+-------+-------+-------+----------------------

Table legend:
 A = Kills in this place as a percentage of kills in entire the game.
 B = Kills by you in this place as a percentage of kills by you in the entire game.
 C = Kills by friends in this place as a percentage of kills by friends in the entire game.
 D = Other kills in this place as a percentage of other kills in the entire game.
 E = Experience gained in this place as a percentage of experience gained in the entire game.
 F = Experience gained in this place divided by the number of levels of this place that you have seen.
                   A       B       C       D       E      F
               +-------+-------+-------+-------+-------+----------------------
         Total | 100.0 | 100.0 | 100.0 |   N/A | 100.0 | 1411.5
       Dungeon |  96.9 |  96.8 | 100.0 |   N/A |  87.7 | 1485.5
          Lair |   3.1 |   3.2 |   0.0 |   N/A |  12.3 | 2083.0
               +-------+-------+-------+-------+-------+----------------------
